 Dungeon Crawl Stone Soup version 0.20.1-1-g8b1a95d (webtiles) character file.

1792 ReignOfFire the Slasher (level 8, -9/62 HPs)
             Began as a Demonspawn Gladiator on July 25, 2017.
             Killed by divine providence
             ... invoked by an orc priest
              (13 damage)
             ... on level 6 of the Dungeon.
             The game lasted 00:08:37 (5240 turns).

ReignOfFire the Slasher (Demonspawn Gladiator)      Turns: 5240, Time: 00:08:38

Health: -9/62      AC: 11    Str: 19    XL:     8   Next: 82%
Magic:  0/8        EV: 13    Int:  9    God:
Gold:   362        SH:  0    Dex: 20    Spells: 7/7 levels left

rFire    . . .     SeeInvis .   l - +2 falchion (elec)
rCold    + . .     Gourm    .   (no shield)
rNeg     + . .     Faith    .   G - +0 scale mail
rPois    .         Spirit   +   c - +0 helmet
rElec    .         Reflect  .   (no cloak)
rCorr    .         Harm     .   i - +0 pair of gloves (curse)
MR       .....                  (no boots)
Stlth    +.........             y - amulet of guardian spirit
Regen    0.2/turn               A - ring of positive energy
MPRegen  0.3/turn               F - ring of wizardry

@: mighty
A: claws 1, icy blue scales 1, agile 1, cold resistance 1, screaming 1, magic
shield, magic regeneration, no potion heal 1
a: no special abilities


You were on level 6 of the Dungeon.
You were not hungry.

You visited 1 branch of the dungeon, and saw 6 of its levels.
You also visited: Sewer.

You collected 362 gold pieces.

Inventory:

Hand Weapons
 a - a +0 long sword
 l - a +2 falchion of electrocution (weapon)
Missiles
 d - 4 throwing nets (quivered)
Armour
 c - a +0 helmet (worn)
 i - a cursed +0 pair of gloves (worn)
 G - a +0 scale mail (worn)
Jewellery
 y - an amulet of guardian spirit (around neck)
 A - a ring of positive energy (left hand)
 F - a ring of wizardry (right hand)
 H - a +3 ring of evasion {unknown}
Wands
 D - a wand of disintegration (14/24)
Scrolls
 b - a scroll of enchant weapon {unknown}
 e - 4 scrolls of remove curse
 g - 2 scrolls of fear
 j - a scroll of teleportation {unknown}
 k - 7 scrolls of identify
 p - a scroll of fog {unknown}
 t - 2 scrolls of immolation {unknown}
 u - 4 scrolls of recharging {unknown}
 x - a scroll of amnesia
Potions
 h - 5 potions of curing {unknown}
 m - a potion of mutation {unknown}
 n - a potion of lignification {unknown}
 q - a potion of brilliance {unknown}
 s - 5 potions of flight {unknown}
 w - 2 potions of agility {unknown}
 B - a potion of degeneration {unknown}
 C - a potion of resistance {unknown}
 E - a potion of cancellation {unknown}
Comestibles
 f - 5 bread rations
 o - a meat ration
 v - 2 royal jellies
 z - 3 fruits


   Skills:
 + Level 5.3 Fighting
 + Level 7.7 Long Blades
 + Level 2.2 Throwing
 + Level 3.5 Armour
 + Level 4.5 Dodging
 + Level 2.2 Stealth


You had 7 spell levels left.
You didn't know any spells.

Dungeon Overview and Level Annotations

Branches:
Dungeon (6/15)
 Temple: D:4-7

Altars:


Innate Abilities, Weirdness & Mutations

You have sharp fingernails.
You are partially covered in icy blue scales. (AC +2)
Your flesh is cold resistant. (rC+)
When hurt, damage is shared between your health and your magic reserves.
You regenerate magic rapidly.
You are agile. (Dex +2)
You occasionally shout uncontrollably at your foes.
Potions are less effective at restoring your health.


Message History

Unknown command.
You hit the orc warrior.
The orc warrior is moderately wounded.
The orc warrior closely misses you.
The orc priest mumbles some strange prayers to Beogh against you.
Beogh smites you!
* * * LOW HITPOINT WARNING * * *
You feel very mighty all of a sudden. The orc warrior barely misses you.
You riposte.
You hit the orc warrior.
The orc warrior is moderately wounded.
You slash the orc warrior!
The orc warrior is severely wounded.
The orc warrior hits you with a war axe!
* * * LOW HITPOINT WARNING * * *
The orc priest hits you but does no damage.
You closely miss the orc warrior.
The orc warrior is severely wounded.
The orc priest invokes the aid of Beogh against you.
Beogh smites you!
You die...

#.# #.. ##'## #..
##...## ##.######
.#.....##
........<........#
..###....####.........
.....o....+.........
#.)).# #.........
#.###@#..# ##.......#
#.....o..######.....##
#####.......# ##...##
#..####.# ##+# #..#
#.# #.#
#..####.#####.#
#..##.........##
#..##.#.####...##
#..##.#.# #.....##


You could see an orc warrior and an orc priest.

Vanquished Creatures
  Sigmund (D:6)
  The ghost of Alannah the Skirmisher, an amateur GrMo (D:4)
  A phantom (D:4)
  A sky beast (D:6)
  A centaur (D:6)
  3 big kobolds (Sewer)
  2 bullfrogs (D:6)
  2 scorpions
  3 howler monkeys
  2 hounds (D:4)
  2 bullfrog skeletons
  5 orc priests
  An orc wizard (D:6)
  An iguana (D:4)
  Natasha (thrice) (D:2)
  2 worker ants (D:4)
  2 hound skeletons (D:5)
  4 gnolls (D:5)
  6 adders
  An ooze (Sewer)
  A worm (D:3)
  5 dart slugs
  5 leopard geckos
  19 orcs
  4 ball pythons
  3 giant cockroaches
  4 goblins
  2 hobgoblins (D:2)
  4 jackals (D:5)
  4 quokkas
  13 bats
  5 frilled lizards
  20 kobolds
  12 rats
145 creatures vanquished.

Vanquished Creatures (others)
  An ooze (D:1)
  A bat (D:1)
  A kobold (D:1)
3 creatures vanquished.

Grand Total: 148 creatures vanquished

Notes
Turn   | Place    | Note
-------+----------+-------------------------------------------
     0 | D:1      | ReignOfFire the Demonspawn Gladiator began the quest for the Orb.
     0 | D:1      | Reached XP level 1. HP: 16/16 MP: 1/1
    27 | D:1      | Gained mutation: You have sharp fingernails. [demonic ancestry]
    27 | D:1      | Reached XP level 2. HP: 12/22 MP: 2/2
   106 | D:1      | Reached skill level 3 in Long Blades
   603 | D:2      | Noticed Natasha
   610 | D:2      | Killed Natasha
   610 | D:2      | Reached XP level 3. HP: 10/28 MP: 3/3
  1037 | D:2      | Noticed Natasha
  1048 | D:2      | Killed Natasha
  1048 | D:2      | Reached XP level 4. HP: 20/34 MP: 4/4
  1294 | D:2      | Noticed Natasha
  1306 | D:2      | Killed Natasha
  1306 | D:2      | Reached skill level 4 in Long Blades
  1306 | D:2      | Reached skill level 1 in Armour
  1623 | D:3      | Gained mutation: When hurt, damage is shared between your health and your magic reserves. [demonic ancestry]
  1623 | D:3      | Reached XP level 5. HP: 18/39 MP: 5/5
  1777 | D:3      | Found a glowing drain.
  1789 | Sewer    | Entered a sewer
  2163 | Sewer    | Gained mutation: Your flesh is cold resistant. (rC+) [demonic ancestry]
  2163 | Sewer    | Reached XP level 6. HP: 46/47 MP: 6/6
  2170 | Sewer    | Reached skill level 5 in Long Blades
  3054 | D:4      | Noticed Alannah's ghost (amateur GrMo)
  3068 | D:4      | Reached skill level 1 in Stealth
  3092 | D:4      | HP: 1/47 [phantom (3)]
  3104 | D:4      | HP: 1/47 [orc/dagger (2)]
  3129 | D:4      | Gained mutation: You are partially covered in icy blue scales. (AC +2) [demonic ancestry]
  3129 | D:4      | Reached XP level 7. HP: 19/53 MP: 1/7
  3130 | D:4      | Killed Alannah's ghost
  3487 | D:4      | HP: 2/54 [orc/falchion of electrocution (12)]
  3868 | D:4      | Reached skill level 6 in Long Blades
  4005 | D:5      | Entered Level 5 of the Dungeon
  4447 | D:5      | Gained mutation: You regenerate magic rapidly. [demonic ancestry]
  4447 | D:5      | Reached XP level 8. HP: 60/60 MP: 8/8
  4895 | D:6      | Reached skill level 7 in Long Blades
  5096 | D:6      | Gained mutation: You are agile. (Dex +2) [mutagenic meat]
  5097 | D:6      | Gained mutation: Potions are less effective at restoring your health. [mutagenic meat]
  5098 | D:6      | Gained mutation: You occasionally shout uncontrollably at your foes. [mutagenic meat]
  5116 | D:6      | Noticed Sigmund
  5128 | D:6      | Killed Sigmund
  5128 | D:6      | Reached skill level 5 in Fighting
  5240 | D:6      | Killed from afar by an orc priest

Skill      XL: |  1  2  3  4  5  6  7  8 |
---------------+-------------------------+-----
Throwing       | 2 |  2.2
Dodging        | 3 4 |  4.5
Long Blades    | 3 4 5 6 7 |  7.7
Armour         | 1 2 3 |  3.5
Fighting       | 3 4 5 |  5.3
Stealth        | 1 2 |  2.2

Action                   |  1- 3 |  4- 6 |  7- 9 || total
-------------------------+-------+-------+-------++-------
Melee: Long sword        |    53 |   264 |    34 ||   351
       Falchion          |       |       |   129 ||   129
Throw: Throwing net      |     1 |     2 |     2 ||     5
  Use: Scroll            |       |     8 |       ||     8
       Potion            |       |     5 |     1 ||     6
 Stab: Sleeping          |       |     3 |     1 ||     4
       Held in net/web   |       |     1 |     2 ||     3
  Eat: Chunk             |       |     8 |    10 ||    18
Armor: Leather armour    |    13 |    84 |    24 ||   121
       Scale mail        |       |       |    26 ||    26
Dodge: Dodged            |    47 |   236 |   109 ||   392
       Rpst.: Long sword |    15 |    71 |    10 ||    96
       Falchion          |       |       |    27 ||    27
